 Dungeon Crawl Stone Soup version 0.22.1-2-g9c5b331 (webtiles) character file.

320 delarado the Firebug (level 6, -7/32 HPs)
             Began as a Deep Elf Fire Elementalist on Dec 10, 2018.
             Shot with an arrow by a centaur (11 damage)
             ... on level 7 of the Dungeon.
             The game lasted 00:16:29 (3449 turns).

delarado the Firebug (Deep Elf Fire Elementalist)   Turns: 3449, Time: 00:16:30

Health: -7/32      AC:  4    Str:  8    XL:     6   Next: 22%
Magic:  10/12      EV: 13    Int: 22    God:
Gold:   200        SH:  0    Dex: 19    Spells: 3/11 levels left

rFire    . . .     SeeInvis .   v - +2 halberd (venom)
rCold    . . .     Gourm    .   (shield currently unavailable)
rNeg     . . .     Faith    .   a - +0 robe
rPois    .         Spirit   .   (no helmet)
rElec    .         Reflect  .   (no cloak)
rCorr    .         Harm     .   (no gloves)
MR       .....                  l - +1 pair of boots
Stlth    ++........             (no amulet)
HPRegen  0.10/turn              f - +4 ring of dexterity
MPRegen  0.13/turn              g - +3 ring of strength

@: no status effects
A: no striking features
a: no special abilities


You were on level 7 of the Dungeon.
You were hungry.

You visited 1 branch of the dungeon, and saw 5 of its levels.

You collected 200 gold pieces.

Inventory:

Hand Weapons
 b - a +0 short sword
 p - a +0 hunting sling
 v - a +2 halberd of venom (weapon)
Missiles
 e - 10 sling bullets
 n - 115 stones (quivered)
 o - 13 poisoned needles
Armour
 a - a +0 robe (worn)
 l - a +1 pair of boots (worn)
Jewellery
 f - a +4 ring of dexterity (left hand)
 g - a +3 ring of strength (right hand)
Wands
 y - a wand of paralysis (12)
Scrolls
 d - 2 scrolls of remove curse
 j - a scroll of blinking {unknown}
 m - a scroll of amnesia {unknown}
 t - a scroll of magic mapping
 u - a scroll of enchant armour
 x - 2 scrolls of identify
Potions
 h - a potion of haste
 i - 3 potions of flight
 k - a potion of mutation
 q - 3 potions of lignification
 s - a potion of ambrosia
Comestibles
 c - 9 rations


   Skills:
 - Level 2.4 Dodging
 - Level 2.4 Stealth
 - Level 3.0 Spellcasting
 + Level 4.9 Conjurations
 + Level 5.9 Fire Magic


You had 3 spell levels left.
You knew the following spells:

 Your Spells              Type           Power        Failure   Level  Hunger
a - Flame Tongue          Conj/Fire      ####.        1%          1    None
b - Conjure Flame         Conj/Fire      ####....     4%          3    ###....
c - Sticky Flame          Conj/Fire      ####....     13%         4    ####...

Your spell library contained the following spells:

 Spells                   Type           Power        Failure   Level  Hunger
 Throw Flame              Conj/Fire      ####..       1%          2    ##.....
 Inner Flame              Hex/Fire       ###.....     11%         3    ###....
 Fireball                 Conj/Fire      ####......   36%         5    ######.


Dungeon Overview and Level Annotations

Branches:
Dungeon (4/15)
 Temple: D:4-7

Altars:
Ru
Yredelemnul

Annotations:
D:3 3 runed doors, Lidrolic's ghost, amateur HuFi; VAZYLA's ghost, amateur MfSk
D:4 Eustachio; Menkaure


Message History

The bullfrog moves out of view.
Casting: Flame Tongue (safe; 1% risk of failure)
Confirm with . or Enter, or press ? or * to list all spells.
Aiming: Flame Tongue (safe; 1% risk of failure)
Press: ? - help, Shift-Dir - straight line, f/p - centaur
Aim: a centaur, wielding a shortbow The flame tongue hits the centaur.
The centaur is moderately wounded.
The centaur shoots an arrow.
The arrow hits you!
The centaur shoots an arrow.
The arrow hits you!
* * * LOW HITPOINT WARNING * * *
Casting: Flame Tongue (safe; 1% risk of failure)
Confirm with . or Enter, or press ? or * to list all spells.
Okay, then.
As you read the scroll labeled DIUTHR OZUT ECK, it crumbles to dust.
The creatures around you are filled with an inner flame!
It was a scroll of immolation.
The bullfrog gives a loud, deep croak!
The centaur shoots an arrow.
The arrow hits you!
You die...

.. . ... .
....#. ##.c#.
###
#.....##@#####
....lc.......#..
..........(.F.#
#.#.....####.#
#...#.# ..
...........
.###..##.....
.... #....##
###.. p......


You could see a bullfrog (inner flame), a centaur (inner flame) and an iguana
(inner flame).

Vanquished Creatures
  A scorpion (D:4)
  An orc priest (D:4)
  An orc wizard (D:4)
  An iguana (D:4)
  Terence (D:2)
  3 gnolls (D:3)
  4 adders
  An ooze (D:1)
  2 worms
  3 dart slugs
  5 leopard geckos
  4 orcs
  2 ball pythons
  2 giant cockroaches
  8 goblins
  6 hobgoblins
  4 quokkas
  9 bats
  2 frilled lizards
  10 kobolds
  A quokka skeleton (D:4)
  9 rats
80 creatures vanquished.

Vanquished Creatures (others)
  2 withered plants (D:3)
2 creatures vanquished.

Grand Total: 82 creatures vanquished

Notes
Turn   | Place    | Note
-------+----------+-------------------------------------------
     0 | D:1      | delarado the Deep Elf Fire Elementalist began the quest for
                  | the Orb.
     0 | D:1      | Reached XP level 1. HP: 10/10 MP: 6/6
   181 | D:1      | Reached XP level 2. HP: 5/15 MP: 2/8
   593 | D:1      | Reached skill level 4 in Fire Magic
   674 | D:1      | Reached XP level 3. HP: 19/19 MP: 7/9
   700 | D:1      | Learned a level 3 spell: Conjure Flame
  1172 | D:2      | Noticed Terence
  1183 | D:2      | Killed Terence
  1184 | D:2      | Reached XP level 4. HP: 23/24 MP: 3/10
  1399 | D:2      | Found a basalt altar of Yredelemnul.
  2349 | D:3      | Reached skill level 5 in Fire Magic
  2349 | D:3      | Reached XP level 5. HP: 28/28 MP: 9/11
  2480 | D:3      | Found a runed gate.
  2480 | D:3      | Found a runed gate.
  2480 | D:3      | Found a runed gate.
  2481 | D:3      | Noticed VAZYLA's ghost (amateur MfSk)
  2485 | D:3      | Noticed Lidrolic's ghost (amateur HuFi)
  2605 | D:3      | Found a sacrificial altar of Ru.
  2805 | D:3      | Learned a level 4 spell: Sticky Flame
  3206 | D:4      | Noticed Eustachio
  3297 | D:4      | Reached XP level 6. HP: 32/32 MP: 9/12
  3419 | D:4      | Noticed Menkaure
  3443 | D:4      | You fall through a shaft for 3 floors!
  3444 | D:7      | Noticed a slave
  3449 | D:7      | Shot with an arrow by a centaur

Skill      XL: |  1  2  3  4  5 |
---------------+----------------+-----
Conjurations   | 2 3 4 |  4.9
Fire Magic     | 4 5 |  5.9
Dodging        | |  2.4
Stealth        | |  2.4
Spellcasting   | |  3.0

Action                   |  1- 3 |  4- 6 || total
-------------------------+-------+-------++-------
Melee: Short sword       |       |     1 ||     1
       Halberd           |       |    12 ||    12
 Fire: Hunting sling     |       |     3 ||     3
Throw: Stone             |     4 |    28 ||    32
 Cast: Flame Tongue      |    53 |    84 ||   137
       Conjure Flame     |       |     2 ||     2
  Use: Scroll            |     5 |     4 ||     9
       Potion            |       |     1 ||     1
 Stab: Sleeping          |       |     2 ||     2
  Eat: Chunk             |     1 |     6 ||     7
Armor: Robe              |     1 |     8 ||     9
Dodge: Dodged            |     5 |    10 ||    15
